 Dungeon Crawl Stone Soup version 0.23-a0-139-ga22e90c45f (webtiles) character file.

9531 PikkenKukken the Cleaver (level 11, -6/97 HPs)
             Began as a Minotaur Berserker on Aug 30, 2018.
             Was a High Priest of Trog.
             Mangled by an orc warrior
             ... wielding a +0 dire flail
              (9 damage)
             ... on level 11 of the Dungeon.
             The game lasted 00:21:18 (9726 turns).

PikkenKukken the Cleaver (Minotaur Berserker)       Turns: 9726, Time: 00:21:19

Health: -6/97      AC: 17    Str: 24    XL:     11   Next: 24%
Magic:  13/13      EV: 10    Int:  4    God:    Trog [*****.]
Gold:   798        SH:  3    Dex: 11    Spells: 10/10 levels left

rFire    . . .     SeeInvis +   a - +0 battleaxe
rCold    x . .     Gourm    .   (shield currently unavailable)
rNeg     . . .     Faith    .   A - +0 plate armour
rPois    +         Spirit   .   (helmet restricted)
rElec    .         Reflect  +   h - +1 cloak
rCorr    .         Harm     .   (no gloves)
MR       .....     Clarity  +   D - +0 pair of boots
Stlth    ..........             j - +3 amulet of reflection
HPRegen  0.26/turn              l - ring "Qetwiy" {+Inv rPois rC- SInv Stlth+}
MPRegen  0.13/turn              G - ring of wizardry

@: drained
A: retaliatory headbutt, horns 2, camouflage 1, clarity
a: Berserk, Trog's Hand, Brothers in Arms, Renounce Religion, Evoke Invisibility


You were on level 11 of the Dungeon.
You worshipped Trog.
Trog was extremely pleased with you.
You were not hungry.

You visited 1 branch of the dungeon, and saw 11 of its levels.
You also visited: Ossuary.

You collected 798 gold pieces.

Inventory:

Hand Weapons
 a - a +0 battleaxe (weapon)
 b - the +6 shortbow "Xew Zuess" {venom, rElec rPois Dex+7}
   (You found it on level 8 of the Dungeon)

   It poisons the ammo it fires.
   It affects your dexterity (+7).
   It insulates you from electricity.
   It protects you from poison.
 t - the +7 shortbow "Dragon's Tongue" {flame, rF- rN+++ Dex+4 Stlth+}
   (You found it on level 9 of the Dungeon)

   It causes projectiles fired from it to burn those they strike, causing extra
   injury to most foes and up to half again as much damage against particularly
   susceptible opponents.
   It affects your dexterity (+4).
   It makes you vulnerable to fire.
   It renders you almost immune to negative energy.
   It makes you more stealthy.
 F - a +2 flail of holy wrath
Missiles
 u - 2 silver javelins (quivered)
Armour
 h - a +1 cloak (worn)
 A - a +0 plate armour (worn)
 D - a +0 pair of boots (worn)
Jewellery
 j - a +3 amulet of reflection (around neck)
 l - the ring "Qetwiy" (left hand) {+Inv rPois rC- SInv Stlth+}
   (You found it on level 4 of the Dungeon)

   [ring of stealth]

   It makes you vulnerable to cold.
   It protects you from poison.
   It lets you see invisible.
   It lets you turn invisible.
   It makes you more stealthy.
 o - an uncursed amulet of the acrobat
 E - the ring "Senof" {Fire rPois Stlth+}
   (You found it on level 7 of the Dungeon)

   [ring of fire]

   It enhances your fire magic.
   It protects you from fire.
   It makes you vulnerable to cold.
   It protects you from poison.
   It makes you more stealthy.
 G - a ring of wizardry (right hand)
Wands
 k - a wand of polymorph (20)
 y - a wand of enslavement (14)
 C - a wand of acid (17)
Scrolls
 d - 5 scrolls of identify
 g - 5 scrolls of remove curse
 n - a scroll of enchant armour
 q - a scroll of fear
 r - 4 scrolls of magic mapping
 s - 7 scrolls of teleportation
 B - 4 scrolls of fog
 K - a scroll of enchant weapon
Potions
 e - 7 potions of curing
 f - 4 potions of brilliance
 i - 2 potions of lignification
 m - 2 potions of ambrosia
 p - 2 potions of mutation
 v - 2 potions of flight
 w - a potion of cancellation
 x - a potion of heal wounds
 z - a potion of haste
 H - 2 potions of might
 I - 2 potions of agility
Comestibles
 c - 21 rations


   Skills:
 + Level 9.6(8.3) Fighting
 * Level 12.7(11.3) Axes
 + Level 3.3(2.2) Bows
 + Level 9.2(7.9) Armour
 + Level 8.4(7.2) Dodging
 + Level 4.5(3.4) Evocations


You had 10 spell levels left.
You didn't know any spells.
Your spell library was empty.

Dungeon Overview and Level Annotations

Branches:
Dungeon (11/15)            Temple (0/1) D:6             Orc (0/2) D:10
   Lair: D:8-11

Altars:
Ashenzari
Dithmenos
Elyvilon
Fedhas
Hepliaklqana
Kikubaaqudgha
Okawaru
Ru
Sif Muna
Trog
Wu Jian
Xom
Zin
The Shining One

Shops:
D:4 =

Portals:
Labyrinth: D:11

Annotations:
D:7 1 runed door, Fandomethor's ghost, novice GrFi


Innate Abilities, Weirdness & Mutations

You reflexively headbutt those who attack you in melee.
You have a pair of horns on your head.
Your skin changes colour to match your surroundings (Stealth+).
You possess an exceptional clarity of mind.


Message History

You feel a little less mighty now. The hell rat closely misses you.
You furiously retaliate!
You headbutt the hell rat! The centaur warrior skeleton hits you.
* * * LOW HITPOINT WARNING * * *
The orc warrior misses you. The orc hits you with a mace.
* * * LOW HITPOINT WARNING * * *
The centaur warrior skeleton hits you but does no damage.
The orc warrior hits you with a dire flail.
* * * LOW HITPOINT WARNING * * *
The gnoll hits you but does no damage.
There is a stone staircase leading up, spattered with blood here.
The hell rat bites you but does no damage.
The centaur warrior skeleton barely misses you.
You furiously retaliate!
You headbutt the centaur warrior skeleton!
The orc closely misses you.
The river rat twitches its whiskers.
The orc hits you but does no damage.
The orc warrior hits you with a dire flail!
You die...

###### ....# ..# #Z.#
#####
.....#@r##########...#
#.oooa............#.
#....#grog.###.......#.
#....#o.g#.([[.........
..... #.....[##.†(....#
##.......#...###.....##
..#..###.#...# #####.#
.... #.#.... ##.###
#.##...# #...∩.


You could see an orc warrior, a hell rat, a worker ant, an orc wizard, 3 gnolls,
a river rat, 3 orcs and a centaur warrior skeleton.

Vanquished Creatures
  A hydra (D:10)
  A two-headed ogre (D:11)
  Nergalle (D:10)
  An ugly thing (D:9)
  2 trolls
  5 hippogriffs
  A wyvern (D:9)
  Eustachio (D:5)
  Grum (D:11)
  A hungry ghost (D:3)
  2 steam dragons
  A vampire mosquito (D:10)
  2 water moccasins
  6 orc warriors
  4 ice beasts
  A black bear (D:8)
  3 sky beasts
  3 wolves (D:11)
  5 ogres
  5 centaurs
  6 bullfrogs
  3 gnoll sergeants
  A wyvern skeleton (D:11)
  An electric eel (D:7)
  7 jellies
  3 bullfrog zombies
  5 hounds
  A crimson imp (D:7)
  7 orc priests
  2 bullfrog skeletons (D:10)
  6 orc wizards
  A centaur skeleton (D:5)
  5 iguanas
  5 worker ants
  3 hound skeletons
  8 mummies (Ossuary)
  A howler monkey zombie (D:5)
  2 worker ant zombies
  11 adders
  19 gnolls
  2 shadow imps
  8 oozes
  An adder skeleton (D:5)
  4 worms
  4 dart slugs
  6 leopard geckos
  44 orcs
  4 giant cockroaches
  8 goblins
  6 hobgoblins
  19 jackals
  5 quokkas
  2 ball pythons
  14 bats
  4 frilled lizards
  A gnoll zombie (Ossuary)
  2 hobgoblin zombies (Ossuary)
  8 kobolds
  3 kobold zombies (Ossuary)
  A leopard gecko skeleton (D:8)
  2 orc zombies (Ossuary)
  2 quokka skeletons
  4 rats
298 creatures vanquished.

Vanquished Creatures (collateral kills)
  A gnoll sergeant (D:10)
1 creature vanquished.

Grand Total: 299 creatures vanquished

Notes
Turn   | Place    | Note
-------+----------+-------------------------------------------
     0 | D:1      | PikkenKukken the Minotaur Berserker began the quest for the
                  | Orb.
     0 | D:1      | Reached XP level 1. HP: 19/19 MP: 0/0
   259 | D:1      | Reached XP level 2. HP: 27/27 MP: 1/1
   269 | D:1      | Reached skill level 4 in Axes
   545 | D:1      | Reached XP level 3. HP: 29/33 MP: 2/2
   858 | D:2      | Found a sacrificial altar of Ru.
   864 | D:2      | Reached XP level 4. HP: 18/40 MP: 3/3
  1076 | D:2      | Reached ** piety under Trog
  1373 | D:2      | Reached skill level 5 in Axes
  1524 | D:2      | Found an ancient bone altar of Kikubaaqudgha.
  1526 | D:2      | Found a blossoming altar of Fedhas.
  1610 | D:2      | Found a white marble altar of Elyvilon.
  1610 | D:2      | Found a glowing silver altar of Zin.
  1611 | D:2      | Found a glowing golden altar of the Shining One.
  1690 | D:2      | Noticed a bullfrog
  2027 | D:3      | Reached XP level 5. HP: 44/47 MP: 4/4
  2468 | D:3      | Noticed a hungry ghost
  2475 | D:3      | Killed a hungry ghost
  2475 | D:3      | Reached skill level 5 in Fighting
  2475 | D:3      | Reached skill level 6 in Axes
  2475 | D:3      | Reached XP level 6. HP: 56/56 MP: 5/5
  2484 | D:3      | Found a shattered altar of Ashenzari.
  2758 | D:3      | Reached *** piety under Trog
  2957 | D:4      | Got a shimmering iron ring
  2959 | D:4      | Identified the ring "Qetwiy" {+Inv rPois rC- SInv Stlth+}
                  | (You found it on level 4 of the Dungeon)
  3043 | D:4      | Found a hazy altar of Hepliaklqana.
  3069 | D:4      | Received a gift from Trog
  3227 | D:4      | Found Woybrunai's Jewellery Emporium.
  3442 | D:5      | Entered Level 5 of the Dungeon
  3442 | D:5      | Found a sand-covered staircase.
  3453 | D:5      | Reached XP level 7. HP: 58/61 MP: 6/6
  3456 | Ossuary  | Entered an ossuary
  3503 | Ossuary  | Reached skill level 7 in Axes
  3726 | D:5      | Noticed a hippogriff
  3735 | D:5      | Killed a hippogriff
  3735 | D:5      | Reached skill level 5 in Armour
  3780 | D:5      | Gained mutation: Your skin changes colour to match your
                  | surroundings (Stealth+). [potion of mutation]
  3780 | D:5      | Gained mutation: You possess an exceptional clarity of
                  | mind. [potion of mutation]
  3887 | D:5      | Reached XP level 8. HP: 70/70 MP: 7/7
  3943 | D:5      | Noticed Eustachio
  3944 | D:5      | Reached skill level 8 in Axes
  3953 | D:5      | Killed Eustachio
  3953 | D:5      | Reached **** piety under Trog
  3953 | D:5      | Reached skill level 5 in Dodging
  4160 | D:5      | Found a deep blue altar of Sif Muna.
  4667 | D:6      | Reached skill level 9 in Axes
  4728 | D:6      | Found an iron altar of Okawaru.
  5071 | D:6      | Reached XP level 9. HP: 79/79 MP: 8/8
  5233 | D:6      | Reached skill level 10 in Axes
  5233 | D:6      | Reached skill level 1 in Evocations
  5272 | D:6      | Found a staircase to the Ecumenical Temple.
  5505 | D:7      | Got a translucent ivory ring
  5660 | D:7      | Found a runed door.
  5661 | D:7      | Noticed Fandomethor's ghost (novice GrFi)
  5821 | D:7      | Found a shadowy altar of Dithmenos.
  6260 | D:8      | Reached ***** piety under Trog
  6686 | D:8      | Found Lyakom's Distillery.
  6797 | D:8      | Identified the ring "Senof" {Fire rPois Stlth+} (You found
                  | it on level 7 of the Dungeon)
  6821 | D:8      | Got an ebony shortbow
  6822 | D:8      | Identified the +6 shortbow "Xew Zuess" {venom, rElec rPois
                  | Dex+7} (You found it on level 8 of the Dungeon)
  6942 | D:8      | Reached skill level 11 in Axes
  7535 | D:9      | Reached XP level 10. HP: 73/89 MP: 11/11
  7806 | D:9      | Got a twisted shortbow
  7807 | D:9      | Identified the +7 shortbow "Dragon's Tongue" {flame, rF-
                  | rN+++ Dex+4 Stlth+} (You found it on level 9 of the
                  | Dungeon)
  8109 | D:9      | Noticed a cyan ugly thing
  8116 | D:9      | Killed a cyan ugly thing
  8171 | D:9      | Found an ornate altar of the Wu Jian Council.
  8171 | D:9      | Found a bloodstained altar of Trog.
  8172 | D:9      | Found a shimmering altar of Xom.
  8540 | D:10     | Entered Level 10 of the Dungeon
  8645 | D:10     | Noticed a four-headed hydra
  8652 | D:10     | Killed a four-headed hydra
  8652 | D:10     | Reached skill level 1 in Bows
  8653 | D:10     | Reached skill level 12 in Axes
  9057 | D:10     | Found a staircase to the Orcish Mines.
  9568 | D:11     | Noticed a two-headed ogre
  9573 | D:11     | Killed a two-headed ogre
  9573 | D:11     | Reached XP level 11. HP: 97/97 MP: 13/13
  9628 | D:11     | Found a labyrinth entrance.
  9646 | D:11     | Received a gift from Trog
  9646 | D:11     | Noticed Grum
  9657 | D:11     | Killed Grum
  9680 | D:11     | Noticed Nergalle
  9703 | D:10     | HP: 3/97 [spectral orc warrior/dire flail[Nergalle] (5)]
  9704 | D:10     | Killed Nergalle
  9725 | D:11     | HP: 3/97 [orc warrior/dire flail (5)]
  9726 | D:11     | Mangled by an orc warrior

Vault maps used:
D:1:      giann_horns
D:2:      good_gods_temple_1, grunt_temple_overflow_growth_and_decay,
          hangedman_ru_absence, lightli_corner_chamber
D:3:      nicolae_overflow_crystal_walls
D:4:      lemuel_coloured_pillars_altar, serial_shops, kennysheep_little_box,
          grunt_decor_arrowhead, hex_medium, kennysheep_generic_room_4
D:5:      lemuel_blue_sif_altar, first_ration, nicolae_ossuary_entry_monument,
          minmay_bent, uniq_eustachio
D:6:      minmay_opposing_rooms, minmay_temple_entry_overgrown, st_stairs_7,
          okawaru_trees_1
D:7:      statuecave_lemuel, nicolae_dithmenos_shadow_blocks,
          gammafunk_ghost_grave
D:8:      serial_shops, shop_fountains, hangedman_little_slice_of_home
D:9:      gammafunk_temple_overflow_forgotten, minmay_misc_feat_ornament
D:10:     kennysheep_orc_monster_closet_entryway, minivault_20
D:11:     dpeg_lair_monsters, lab_entry_generic, lightli_elemental_guards,
          uniq_psyche, uniq_grum, uniq_nergalle
Ossuary:  ossuary_tomb_3

Skill      XL: |  1  2  3  4  5  6  7  8  9 10 11 |
---------------+----------------------------------+-----
Axes           | 4 5 6 7 9 11 12 | 12.7
Fighting       | 4 5 6 7 8 9 |  9.6
Armour         | 3 4 5 6 7 8 9 |  9.2
Dodging        | 3 4 6 7 8 |  8.4
Evocations     | 2 4 |  4.5
Bows           | 2 3 |  3.3

Action                   |  1- 3 |  4- 6 |  7- 9 | 10-12 || total
-------------------------+-------+-------+-------+-------++-------
Melee: Hand axe          |    49 |   164 |   385 |    64 ||   662
       Headbutt          |     4 |    21 |   104 |    48 ||   177
       Battleaxe         |       |       |       |   128 ||   128
       Flail             |       |       |       |     5 ||     5
Invok: Berserk           |     1 |     5 |     8 |     8 ||    22
       Trog's Hand       |       |     1 |       |     1 ||     2
       Brothers in Arms  |       |       |       |     1 ||     1
  Use: Scroll            |     5 |    12 |     8 |     1 ||    26
       Potion            |       |       |     1 |     2 ||     3
 Stab: Sleeping          |     1 |       |       |       ||     1
  Eat: Chunk             |       |    15 |    13 |    12 ||    40
       Ration            |       |       |     2 |     2 ||     4
Armor: Animal skin       |    19 |    25 |       |       ||    44
       Chain mail        |       |    23 |    24 |       ||    47
       Scale mail        |       |     2 |       |       ||     2
       Plate armour      |       |       |   132 |   112 ||   244
Dodge: Dodged            |    45 |   101 |   136 |    98 ||   380
Block: Other             |       |    14 |    30 |    17 ||    61
       Reflection        |       |     1 |     1 |     1 ||     3

Table legend:
 A = Non-vault XP
 B = Vault XP
 C = Vault XP percentage of total XP
 D = Non-vault monster count
 E = Vault monster count
 F = Vault count percentage of total count
                 A         B        C        D         E       F
            +---------+---------+-------+---------+---------+-------
      Total |    8562 |    5054 |  37.1 |     238 |      61 |  20.4
            +---------+---------+-------+---------+---------+-------
        D:1 |      52 |       0 |   0.0 |      25 |       0 |   0.0
        D:2 |     131 |       0 |   0.0 |      38 |       0 |   0.0
        D:3 |     318 |       0 |   0.0 |      27 |       0 |   0.0
        D:4 |     188 |       0 |   0.0 |      17 |       0 |   0.0
        D:5 |     734 |     573 |  43.8 |      17 |       6 |  26.1
        D:6 |     463 |     688 |  59.8 |      14 |       9 |  39.1
        D:7 |     919 |       0 |   0.0 |      29 |       0 |   0.0
        D:8 |    1129 |     158 |  12.3 |      27 |       8 |  22.9
        D:9 |    1718 |     499 |  22.5 |      18 |       3 |  14.3
       D:10 |     857 |    2435 |  74.0 |      14 |      15 |  51.7
       D:11 |    2053 |     549 |  21.1 |      12 |       4 |  25.0
    Ossuary |       0 |     152 | 100.0 |       0 |      16 | 100.0
            +---------+---------+-------+---------+---------+-------
